 Dungeon Crawl Stone Soup version 0.19.0-2-gae57169 (webtiles) character file.

0 Gargoyl the Skirmisher (level 1, -26/18 HPs)
             Began as a Demonspawn Abyssal Knight on Nov 5, 2016.
             Was a Follower of Lugonu.
             Annihilated by an ironheart preserver
             ... wielding a +3 great mace
             ... summoned by a worldbinder
              (35 damage)
             ... on level 2 of the Abyss.
             The game lasted 00:00:38 (770 turns).

Gargoyl the Skirmisher (Demonspawn Abyssal Knight)   Turns: 770, Time: 00:00:38

Health: -26/18     AC:  6    Str: 12    XL:     1   Next: 0%
Magic:  2/2        EV:  9    Int: 13    God:    Lugonu [*.....]
Gold:   52         SH:  0    Dex: 12    Spells: 0 memorised, 0 levels left

rFire  . . .     SeeInvis .     a - +1 hand axe
rCold  . . .     Gourm    .     g - +0 scale mail
rNeg   . . .     Faith    .     (no shield)
rPois  .         Spirit   .     (no helmet)
rElec  .         Reflect  .     (no cloak)
rCorr  .         Harm     .     (no gloves)
MR     .....                    (no boots)
Stlth  ..........               (no amulet)
                                (no ring)
                                (no ring)

@: no status effects
A: no striking features
a: Depart the Abyss, Renounce Religion


You were on level 2 of the Abyss.
You worshipped Lugonu.
Lugonu was aware of your devotion.
You were not hungry.

You visited 0 branches of the dungeon, and saw 0 of its levels.
You visited the Abyss 1 time.

You collected 52 gold pieces.

Inventory:

Hand Weapons
 a - a +1 hand axe (weapon)
Armour
 b - a +0 leather armour
 g - a +0 scale mail (worn)
Scrolls
 e - a scroll of magic mapping {unknown}
 f - a scroll of identify {unknown}
 i - a scroll of torment {unknown}
Potions
 d - a potion of heal wounds {unknown}
 h - a potion of flight {unknown}
Comestibles
 c - a bread ration


   Skills:
 + Level 3.0 Fighting
 + Level 1.7 Axes
 + Level 1.7 Armour
 + Level 0.8 Dodging
 + Level 2.4 Invocations


You couldn't memorise any spells.
You didn't know any spells.

Dungeon Overview and Level Annotations

Branches:
Dungeon (0/15)

Altars:


Message History

The worldbinder hits you. The worldbinder hits you.
The worldbinder hits you but does no damage.
A spatial vortex comes into view.
The worldbinder barely misses you. The worldbinder closely misses you.
A death knight comes into view. It is wielding a glaive of protection.
The death knight shouts!
The worldbinder calls forth creatures from the Vaults!
Tentacles burst from the starspawn's body! 2 starspawn tentacles come into view.
A small abomination and a wraith come into view.
The ironheart preserver shouts!
The death knight drinks a potion.
The death knight suddenly seems more agile.
A spatial vortex and a spatial maelstrom come into view.
The death knight barely misses you. 2 spatial vortices come into view.
The ironheart preserver hits you with an enchanted great mace!!
Ouch! That really hurt!
You die...

#......# ##X
.....#..#
.....#.#w..# ....
..## ## wX#####.#.
..#..
#.#.#..###.X##.#.#
. #X#..#
#.#ยง..#...#.
###.#..#..#####.##.
. #..#x.##....
#....#..
#.#p.....###
##.w..#.
#x..@......##. . ..
..W...p..........
.......
...#.....#.....#..
..#. .. .
##...###vv.###...
#.. ##.## #..v. .#
##.# ... .v##..(
###. . .... .....
..# .. .... ..v
...... .. .# .
..#.. .


You could see an ironheart preserver, a tentacled starspawn, a death knight, a
spatial maelstrom, 4 spatial vortices, a worldbinder, a wraith and a small
abomination.

Vanquished Creatures (others)
  8 starspawn tentacles (Abyss:2)
8 creatures vanquished.

Notes
Turn   | Place    | Note
-------+----------+-------------------------------------------
     0 | Abyss:1  | Gargoyl the Demonspawn Abyssal Knight began the quest for the Orb.
     0 | Abyss:1  | Reached XP level 1. HP: 18/18 MP: 2/2
   114 | Abyss:1  | Found an ancient bone altar of Kikubaaqudgha.
   673 | Abyss:1  | Found a corrupted altar of Lugonu.
   730 | Abyss:2  | Noticed a spatial vortex
   735 | Abyss:2  | Noticed a tentacled starspawn
   738 | Abyss:2  | Found a shattered altar of Ashenzari.
   761 | Abyss:2  | Noticed a worldbinder
   766 | Abyss:2  | Noticed a spatial vortex
   767 | Abyss:2  | Noticed a death knight
   768 | Abyss:2  | Noticed a yaktaur
   768 | Abyss:2  | Noticed a small abomination
   768 | Abyss:2  | Noticed a wraith
   768 | Abyss:2  | Noticed an ironheart preserver
   769 | Abyss:2  | Noticed a spatial maelstrom
   769 | Abyss:2  | Noticed a spatial vortex
   770 | Abyss:2  | Noticed a spatial vortex
   770 | Abyss:2  | Noticed a spatial vortex
   770 | Abyss:2  | Annihilated by an ironheart preserver

Action                   || total
-------------------------++-------
Armor: Scale mail        ||     2
Dodge: Dodged            ||     3
